| TOP OF THE 1ST |
|
Lehigh Valley IronPigs batting - Pitching for Colorado Springs Sky Sox : RHP Yasushi Osumi
|
|
Pitching: RHP Yasushi Osumi
|
|
|
Batting: LHB Chris Moody
|
0-0: Foul Ball, location: 2F 0-1: Ball 1-1: Swinging Strike 1-2: Ball 2-2: Foul Ball, location: 2F 2-2: Foul Ball, location: 2F 2-2: Strikes out swinging
|
|
Batting: RHB Francisco Viera
|
0-0: Ball 1-0: Ball 2-0: Ball 3-0: Base on Balls
|
|
Batting: RHB Melchor Sovrivilla
|
Pickoff Play to 1st, Runner tries for 2nd, OUT after rundown. 0-0: Fly out, F4 (Popup, 34D, EV 61.2 MPH)
|
| Top of the 1st over - 0 runs, 0 hits, 0 errors, 0 left on base; Lehigh Valley 0 - Colorado Springs 0 |
| BOTTOM OF THE 1ST |
|
Colorado Springs Sky Sox batting - Pitching for Lehigh Valley IronPigs : RHP Chris Perteet
|
|
Pitching: RHP Chris Perteet
|
|
|
Batting: RHB Juan Figueroa
|
0-0: Ball 1-0: Ball 2-0: Ball 3-0: Called Strike 3-1: SOLO HOME RUN (Flyball, 9D, EV 97.5 MPH), Distance : 373 ft
|
|
Batting: RHB Ryan Rinaldi
|
0-0: Ball 1-0: Foul Ball, location: 2F 1-1: Ball 2-1: Ball 3-1: Foul Ball, location: 2F 3-2: DOUBLE (Groundball, 5L, EV 105.0 MPH)
|
|
Batting: LHB Kyle Schaible
|
0-0: Foul Ball, location: 2F 0-1: Ball 1-1: Foul Ball, location: 2F 1-2: Foul Ball, location: 2F 1-2: SINGLE (Groundball, 4D, EV 93.8 MPH) Ryan Rinaldi to third
|
|
Batting: LHB Michael Krott
|
0-0: Ball 1-0: Foul Ball, location: 2F 1-1: Ball 2-1: Foul Ball, location: 2F Pickoff Throw to First - Out! 1-3 2-2: Ground out 4-3 (Groundball, 4, EV 88.8 MPH) Ryan Rinaldi scores
|
|
Batting: SHB Chris Besselman
|
0-0: Ball 1-0: Ball 2-0: Fly out, F8 (Line Drive, 89M, EV 91.2 MPH)
|
| Bottom of the 1st over - 2 runs, 3 hits, 0 errors, 0 left on base; Lehigh Valley 0 - Colorado Springs 2 |
| TOP OF THE 2ND |
|
Lehigh Valley IronPigs batting - Pitching for Colorado Springs Sky Sox : RHP Yasushi Osumi
|
|
Batting: RHB Jose Leon
|
0-0: Foul Ball, location: 2F 0-1: Ball 1-1: Hit by Pitch
|
|
Batting: LHB Danny Hill
|
0-0: Foul Ball, location: 2F 0-1: Foul Ball, location: 2F 0-2: Grounds into double play, 6-4-3 (Groundball, 56, EV 81.2 MPH)
|
|
Batting: LHB Jose Carlos
|
0-0: Ball 1-0: Swinging Strike 1-1: Swinging Strike 1-2: SINGLE (Flyball, 78S, EV 96.2 MPH)
|
|
Batting: SHB Kaname Fujimoto
|
0-0: Ground out 4-3 (Groundball, 34S, EV 86.9 MPH)
|
| Top of the 2nd over - 0 runs, 1 hit, 0 errors, 1 left on base; Lehigh Valley 0 - Colorado Springs 2 |
| BOTTOM OF THE 2ND |
|
Colorado Springs Sky Sox batting - Pitching for Lehigh Valley IronPigs : RHP Chris Perteet
|
|
Batting: RHB Eric Delgado
|
0-0: Swinging Strike 0-1: Ball 1-1: SINGLE (Groundball, 34D, EV 105.0 MPH)
|
|
Batting: LHB Luke Coulter
|
0-0: Called Strike 0-1: Foul Ball, location: 2F 0-2: Foul Ball, location: 2F 0-2: Ground out 4-3 (Groundball, 34, EV 108.1 MPH) Eric Delgado to second
|
|
Batting: RHB John Boyer
|
0-0: Called Strike 0-1: Swinging Strike 0-2: Strikes out swinging
|
|
Batting: RHB Pei Xie
|
0-0: Fly out, F6 (Line Drive, 6, EV 70.6 MPH)
|
| Bottom of the 2nd over - 0 runs, 1 hit, 0 errors, 1 left on base; Lehigh Valley 0 - Colorado Springs 2 |
| TOP OF THE 3RD |
|
Lehigh Valley IronPigs batting - Pitching for Colorado Springs Sky Sox : RHP Yasushi Osumi
|
|
Batting: LHB Tom Edwards
|
0-0: Called Strike 0-1: Swinging Strike 0-2: Ball 1-2: Ball 2-2: Strikes out swinging
|
|
Batting: LHB Pat Shaddock
|
0-0: Foul Ball, location: 2F 0-1: Ball 1-1: SINGLE (Groundball, 56S, EV 68.8 MPH) (infield hit)
|
|
Batting: LHB Chris Moody
|
0-0: Foul Ball, location: 2F 0-1: Foul Ball, location: 2F 0-2: Strikes out swinging
|
|
Batting: RHB Francisco Viera
|
0-0: Ball 1-0: Fielders Choice at 2nd, 5-4 (Groundball, 56, EV 110.6 MPH)
|
| Top of the 3rd over - 0 runs, 1 hit, 0 errors, 1 left on base; Lehigh Valley 0 - Colorado Springs 2 |
| BOTTOM OF THE 3RD |
|
Colorado Springs Sky Sox batting - Pitching for Lehigh Valley IronPigs : RHP Chris Perteet
|
|
Batting: RHB Juan Figueroa
|
0-0: Ball 1-0: Called Strike 1-1: Ball 2-1: Called Strike 2-2: Ball 3-2: Foul Ball, location: 2F 3-2: Foul Ball, location: 2F 3-2: Fly out, F8 (Flyball, 8RS, EV 75.6 MPH)
|
|
Batting: RHB Ryan Rinaldi
|
0-0: Foul Ball, location: 2F 0-1: Called Strike 0-2: Ball 1-2: Ball 2-2: Ball 3-2: Strikes out swinging
|
|
Batting: LHB Kyle Schaible
|
0-0: Ball 1-0: Ball 2-0: Ball 3-0: Called Strike 3-1: Base on Balls
|
|
Batting: LHB Michael Krott
|
0-0: Called Strike 0-1: Swinging Strike 0-2: Ball 1-2: Ball 2-2: Foul Ball, location: 2F 2-2: Fly out, F7 (Flyball, 7LSF, EV 91.9 MPH)
|
| Bottom of the 3rd over - 0 runs, 0 hits, 0 errors, 1 left on base; Lehigh Valley 0 - Colorado Springs 2 |
| TOP OF THE 4TH |
|
Lehigh Valley IronPigs batting - Pitching for Colorado Springs Sky Sox : RHP Yasushi Osumi
|
|
Batting: RHB Melchor Sovrivilla
|
0-0: Called Strike 0-1: Ground out 4-3 (Groundball, 4, EV 107.5 MPH)
|
|
Batting: RHB Jose Leon
|
0-0: Ball 1-0: Called Strike 1-1: Fly out, F8 (Flyball, 8LD, EV 78.8 MPH)
|
|
Batting: LHB Danny Hill
|
0-0: Ball 1-0: Ball 2-0: Ball 3-0: Base on Balls
|
|
Batting: LHB Jose Carlos
|
0-0: Fly out, F8 (Flyball, 89M, EV 99.4 MPH)
|
| Top of the 4th over - 0 runs, 0 hits, 0 errors, 1 left on base; Lehigh Valley 0 - Colorado Springs 2 |
| BOTTOM OF THE 4TH |
|
Colorado Springs Sky Sox batting - Pitching for Lehigh Valley IronPigs : RHP Chris Perteet
|
|
Batting: SHB Chris Besselman
|
0-0: Ball 1-0: Called Strike 1-1: Swinging Strike 1-2: Foul Ball, location: 2F 1-2: Ball 2-2: Ball 3-2: Base on Balls
|
|
Batting: RHB Eric Delgado
|
0-0: Called Strike 0-1: Called Strike 0-2: Ball 1-2: SINGLE (Groundball, 5S, EV 56.9 MPH) (infield hit) Chris Besselman to second
|
|
Batting: LHB Luke Coulter
|
0-0: Fly out, F7 (Flyball, 78D, EV 96.2 MPH)
|
|
Batting: RHB John Boyer
|
0-0: Foul Ball, location: 2F 0-1: Called Strike 0-2: Ball 1-2: Fielders Choice at 2nd, 6-4 (Groundball, 56, EV 100.6 MPH) Chris Besselman to third
|
|
Batting: RHB Pei Xie
|
0-0: Ball 1-0: Called Strike 1-1: Called Strike 1-2: Ball 2-2: Foul Ball, location: 2F 2-2: Fielders Choice at 2nd, 6-4 (Groundball, 6, EV 93.1 MPH)
|
| Bottom of the 4th over - 0 runs, 1 hit, 0 errors, 2 left on base; Lehigh Valley 0 - Colorado Springs 2 |
| TOP OF THE 5TH |
|
Lehigh Valley IronPigs batting - Pitching for Colorado Springs Sky Sox : RHP Yasushi Osumi
|
|
Batting: SHB Kaname Fujimoto
|
0-0: Foul Ball, location: 2F 0-1: Ground out 6-3 (Groundball, 6M, EV 100.6 MPH)
|
|
Batting: LHB Tom Edwards
|
0-0: Called Strike 0-1: Called Strike 0-2: Strikes out swinging
|
|
Batting: LHB Pat Shaddock
|
0-0: Called Strike 0-1: Foul Ball, location: 2F 0-2: Ground out U3 (Groundball, 34, EV 105.6 MPH)
|
| Top of the 5th over - 0 runs, 0 hits, 0 errors, 0 left on base; Lehigh Valley 0 - Colorado Springs 2 |
| BOTTOM OF THE 5TH |
|
Colorado Springs Sky Sox batting - Pitching for Lehigh Valley IronPigs : RHP Chris Perteet
|
|
Batting: RHB Juan Figueroa
|
0-0: Ball 1-0: Ball 2-0: Ball 3-0: Called Strike 3-1: Base on Balls
|
|
Batting: RHB Ryan Rinaldi
|
0-0: Ball 1-0: Fly out, F8 (Flyball, 8LD, EV 104.4 MPH)
|
|
Batting: LHB Kyle Schaible
|
0-0: Ball 1-0: Ball 2-0: Foul Ball, location: 2F 2-1: SINGLE (Groundball, 6MD, EV 108.1 MPH) Juan Figueroa to second
|
|
Batting: LHB Michael Krott
|
0-0: Ball 1-0: Fielders Choice at 2nd, 4-6 (Groundball, 4, EV 83.8 MPH) Juan Figueroa to third
|
|
Batting: SHB Chris Besselman
|
0-0: Called Strike 0-1: Ball 1-1: Called Strike 1-2: Foul Ball, location: 2F 1-2: Ball 2-2: Ball 3-2: Base on Balls Michael Krott to second
|
|
Pitching: RHP Josh Allport
|
|
|
Batting: RHB Eric Delgado
|
0-0: Ball 1-0: Ball 2-0: Called Strike 2-1: Ball 3-1: Foul Ball, location: 2F 3-2: Base on Balls Juan Figueroa scores Michael Krott to third Chris Besselman to second
|
|
Batting: LHB Luke Coulter
|
0-0: Called Strike 0-1: Foul Ball, location: 2F 0-2: SINGLE (Groundball, P, EV 81.2 MPH) (infield hit) Michael Krott scores Chris Besselman to third Eric Delgado to second
|
|
Batting: RHB John Boyer
|
0-0: Ball Wild Pitch! Chris Besselman scores Eric Delgado to third Luke Coulter to second 1-0: Ground out U3 (Groundball, 34, EV 86.9 MPH)
|
| Bottom of the 5th over - 3 runs, 2 hits, 0 errors, 2 left on base; Lehigh Valley 0 - Colorado Springs 5 |
| TOP OF THE 6TH |
|
Lehigh Valley IronPigs batting - Pitching for Colorado Springs Sky Sox : RHP Yasushi Osumi
|
|
Batting: LHB Chris Moody
|
0-0: Ball 1-0: Foul Ball, location: 2F 1-1: Ball 2-1: SINGLE (Groundball, 5S, EV 61.9 MPH) (infield hit)
|
|
Batting: RHB Francisco Viera
|
0-0: Called Strike 0-1: Ball 1-1: Called Strike 1-2: Ball 2-2: Ball 3-2: Foul Ball, location: 2F 3-2: SINGLE (Groundball, 56D, EV 97.5 MPH) Chris Moody to second Chris Moody to third
|
|
Batting: RHB Melchor Sovrivilla
|
0-0: Ball 1-0: Reached via error on a dropped throw from SS, E4 (Groundball, 6, EV 97.5 MPH) Chris Moody scores Francisco Viera to second
|
|
Batting: RHB Jose Leon
|
0-0: Called Strike 0-1: Called Strike 0-2: Ball 1-2: Ball 2-2: Strikes out looking
|
|
Batting: LHB Danny Hill
|
0-0: Called Strike 0-1: Ball 1-1: Called Strike 1-2: Strikes out swinging
|
|
Batting: LHB Jose Carlos
|
0-0: Ball 1-0: Fielders Choice at 2nd, 6-4 (Groundball, 6, EV 86.9 MPH)
|
| Top of the 6th over - 1 run, 2 hits, 1 error, 2 left on base; Lehigh Valley 1 - Colorado Springs 5 |
| BOTTOM OF THE 6TH |
|
Colorado Springs Sky Sox batting - Pitching for Lehigh Valley IronPigs : RHP Josh Allport
|
|
Batting: RHB Pei Xie
|
0-0: Ground out 6-3 (Groundball, 6, EV 84.4 MPH)
|
|
Batting: RHB Juan Figueroa
|
0-0: Called Strike 0-1: Ball 1-1: Ball 2-1: Ball 3-1: Base on Balls
|
|
Batting: RHB Ryan Rinaldi
|
0-0: Ball Juan Figueroa steals 2nd base 1-0: Ball 2-0: Ball 3-0: SINGLE (Groundball, 4MD, EV 102.5 MPH) Juan Figueroa to third Runner from 3rd tries for Home, SAFE, throw by CF to home
|
|
Batting: LHB Kyle Schaible
|
0-0: Foul Ball, location: 2F 0-1: Ball 1-1: Called Strike 1-2: Strikes out looking
|
|
Pitching: LHP Brian Wildrick
|
|
|
Batting: LHB Michael Krott
|
0-0: Ball 1-0: Called Strike 1-1: DOUBLE (Line Drive, 89D, EV 109.4 MPH) Ryan Rinaldi to third Runner from 3rd tries for Home, SAFE, no throw by RF
|
|
Pitching: RHP William-Floyd Goof
|
|
|
Batting: SHB Chris Besselman
|
0-0: Called Strike 0-1: Ball 1-1: Fly out, F8 (Flyball, 8LD, EV 94.4 MPH)
|
| Bottom of the 6th over - 2 runs, 2 hits, 0 errors, 1 left on base; Lehigh Valley 1 - Colorado Springs 7 |
| TOP OF THE 7TH |
|
Lehigh Valley IronPigs batting - Pitching for Colorado Springs Sky Sox : RHP Yasushi Osumi
|
|
Batting: SHB Kaname Fujimoto
|
0-0: Called Strike 0-1: Foul Ball, location: 2F 0-2: Ball 1-2: Ball 2-2: Ball 3-2: Ground out 4-3 (Groundball, 4MD, EV 101.9 MPH)
|
|
Batting: LHB Tom Edwards
|
0-0: Called Strike 0-1: Ball 1-1: Swinging Strike 1-2: Strikes out swinging, 2-3 out at first.
|
|
Batting: LHB Pat Shaddock
|
0-0: Ball 1-0: Ball 2-0: Foul Ball, location: 2F 2-1: Foul Ball, location: 2F 2-2: Ball 3-2: Strikes out swinging
|
| Top of the 7th over - 0 runs, 0 hits, 0 errors, 0 left on base; Lehigh Valley 1 - Colorado Springs 7 |
| BOTTOM OF THE 7TH |
|
Colorado Springs Sky Sox batting - Pitching for Lehigh Valley IronPigs : RHP William-Floyd Goof
|
|
Batting: RHB Eric Delgado
|
0-0: Ball 1-0: Ball 2-0: Foul Ball, location: 2F 2-1: Swinging Strike 2-2: Ball 3-2: Base on Balls
|
|
Batting: LHB Luke Coulter
|
0-0: Ball 1-0: Ball 2-0: Ball 3-0: Base on Balls Eric Delgado to second
|
|
Batting: RHB John Boyer
|
0-0: Called Strike 0-1: Fly out, F7 (Flyball, 7, EV 85.6 MPH)
|
|
Batting: RHB Pei Xie
|
0-0: Ball Passed Ball! Eric Delgado to third Luke Coulter to second 1-0: Ball 2-0: Foul Ball, location: 2F 2-1: Swinging Strike 2-2: Strikes out swinging
|
|
Batting: RHB Juan Figueroa
|
0-0: Ball 1-0: Ball 2-0: Foul Ball, location: 2F 2-1: Ball 3-1: Called Strike 3-2: Foul Ball, location: 2F 3-2: Fly out, F9 (Flyball, 89S, EV 96.9 MPH)
|
| Bottom of the 7th over - 0 runs, 0 hits, 0 errors, 2 left on base; Lehigh Valley 1 - Colorado Springs 7 |
| TOP OF THE 8TH |
|
Lehigh Valley IronPigs batting - Pitching for Colorado Springs Sky Sox : RHP Yasushi Osumi
|
|
Batting: LHB Chris Moody
|
0-0: Foul Ball, location: 2F 0-1: Ball 1-1: Ball 2-1: Called Strike 2-2: Foul Ball, location: 2F 2-2: Strikes out looking
|
|
Pitching: RHP Zach Sommer
|
|
|
Batting: RHB Francisco Viera
|
0-0: Hit by Pitch
|
|
Batting: RHB Melchor Sovrivilla
|
0-0: Ball 1-0: DOUBLE (Line Drive, 78M, EV 105.0 MPH) Francisco Viera to third
|
|
Batting: RHB Jose Leon
|
0-0: Called Strike 0-1: Foul Ball, location: 2F 0-2: Ball 1-2: Strikes out looking
|
|
Batting: LHB Danny Hill
|
0-0: Fly out, F6 (Popup, 4MD, EV 53.1 MPH)
|
| Top of the 8th over - 0 runs, 1 hit, 0 errors, 2 left on base; Lehigh Valley 1 - Colorado Springs 7 |
| BOTTOM OF THE 8TH |
|
Colorado Springs Sky Sox batting - Pitching for Lehigh Valley IronPigs : RHP William-Floyd Goof
|
|
Batting: RHB Ryan Rinaldi
|
0-0: Called Strike 0-1: Ball 1-1: DOUBLE (Flyball, 8LXD, EV 106.2 MPH)
|
|
Pitching: RHP Victor Castillo
|
|
|
Batting: LHB Kyle Schaible
|
0-0: Called Strike 0-1: Ball 1-1: Foul Ball, location: 2F 1-2: DOUBLE (Line Drive, 78M, EV 99.4 MPH) Ryan Rinaldi scores
|
|
Pinch Hitting: LHB Steve Gilliam
|
0-0: Ball 1-0: Foul Ball, location: 2F 1-1: Called Strike 1-2: Ball 2-2: TRIPLE (Line Drive, 89XD, EV 101.9 MPH) Kyle Schaible scores
|
|
Batting: SHB Chris Besselman
|
0-0: Ball 1-0: Called Strike 1-1: Ball 2-1: Ball 3-1: Foul Ball, location: 2F 3-2: Base on Balls
|
|
Batting: RHB Eric Delgado
|
0-0: Swinging Strike 0-1: Foul Ball, location: 2F 0-2: Ball 1-2: Grounds into double play, 5-4-3 (Groundball, 5, EV 102.5 MPH) Steve Gilliam scores
|
|
Batting: LHB Luke Coulter
|
0-0: Ball 1-0: Called Strike 1-1: Fly out, F7 (Flyball, 7, EV 83.8 MPH)
|
| Bottom of the 8th over - 3 runs, 3 hits, 0 errors, 0 left on base; Lehigh Valley 1 - Colorado Springs 10 |
| TOP OF THE 9TH |
|
Lehigh Valley IronPigs batting - Pitching for Colorado Springs Sky Sox : RHP Zach Sommer
|
|
Now in CF: Steve Gilliam
|
|
|
Batting: LHB Jose Carlos
|
0-0: Foul Ball, location: 2F 0-1: Foul Ball, location: 2F 0-2: Ball 1-2: Ball 2-2: Ball 3-2: Foul Ball, location: 2F 3-2: Foul Ball, location: 2F 3-2: Ground out 4-3 (Groundball, 4S, EV 68.1 MPH)
|
|
Batting: SHB Kaname Fujimoto
|
0-0: Foul Ball, location: 2F 0-1: Ball 1-1: Ball 2-1: Foul Ball, location: 2F 2-2: Ball 3-2: Fly out, F5 (Popup, 5SF, EV 83.8 MPH)
|
|
Pinch Hitting: RHB Bill Moldenhauer
|
0-0: Ground out 5-3 (Groundball, 5S, EV 79.4 MPH)
|
| Top of the 9th over - 0 runs, 0 hits, 0 errors, 0 left on base; Lehigh Valley 1 - Colorado Springs 10 |
|